 Dungeon Crawl Stone Soup version 0.30-a0-743-gbfdf073431 (webtiles) character file.

Game seed: 8635555347126756660

27 Leeroy the Slasher (level 3, 0/18 HPs)
             Began as a Vine Stalker Warper on Feb 6, 2023.
             Succumbed to an adder's poison
             ... on level 2 of the Dungeon.
             The game lasted 00:01:11 (873 turns).

Leeroy the Slasher (Vine Stalker Warper)             Turns: 873, Time: 00:01:12

Health: 0/18       AC:  3    Str: 13    XL:     3   Next: 10%
Magic:  1/7        EV: 11    Int: 13    God:
Gold:   90         SH:  0    Dex: 15    Spells: 6/6 levels left

rFire   . . .      SeeInvis .    i - +0 short sword (speed)
rCold   . . .      Faith    .    (no shield)
rNeg    . . .      Spirit   +    b - +0 leather armour
rPois   .          Reflect  .    (no helmet)
rElec   .          Harm     .    (no cloak)
rCorr   .          Rampage  .    (no gloves)
Will    .....                    (no boots)
Stlth   +                        (no amulet)
HPRegen 0.23/turn                (no ring)
MPRegen 0.10/turn                (no ring)

@: lethally poisoned (0 -> -6)
A: fangs 2, magic shield, antimagic bite, no potion heal 2
a: no special abilities


You were on level 2 of the Dungeon.
You visited 1 branch of the dungeon, and saw 2 of its levels.

You collected 90 gold pieces.

Inventory:

Hand Weapons
 a - a +0 falchion
 i - a +0 short sword of speed (weapon)
Missiles
 d - 7 boomerangs of dispersal (quivered)
 g - 10 poisoned darts
Armour
 b - a +0 leather armour (worn)
Scrolls
 c - a scroll of blinking
 e - 2 scrolls of identify {unknown}
 f - a scroll of noise {unknown}
 j - a scroll of teleportation {unknown}


   Skills:
 - Level 1.7 Fighting
 * Level 3.1 Long Blades
 - Level 0.8 Throwing
 - Level 0.7 Armour
 - Level 1.5 Dodging
 - Level 2.1 Spellcasting
 - Level 3.0 Translocations


You had 6 spell levels left.
You didn't know any spells.
Your spell library contained the following spells:

 Spells                   Type           Power      Damage    Failure   Level
 Blink                    Tloc           18%        N/A       14%         2
 Lesser Beckoning         Tloc           18%        N/A       14%         2
 Teleport Other           Tloc           9%         N/A       28%         3
 Freeze                   Ice            4%         1d3       32%         1
 Sandblast                Erth           2%         2d4       32%         1
 Passwall                 Tmut/Erth      0%         N/A       43%         2
 Vhi's Electric Charge    Tloc/Air       10%        N/A       45%         3
 Frozen Ramparts          Ice            2%         1d1       67%         3
 Hailstorm                Conj/Ice       1%         3d3       67%         3
 Stone Arrow              Conj/Erth      2%         3d7       67%         3
 Manifold Assault         Tloc           9%         N/A       67%         4


Dungeon Overview and Level Annotations

Branches:
Dungeon (2/15)

Altars:


Innate Abilities, Weirdness & Mutations

You have extremely sharp teeth.
When hurt, damage is shared between your health and your magic reserves.
Your bite disrupts and absorbs the magic of your enemies.
Potions cannot restore your health.


Message History

You hit the adder.
The adder is moderately wounded.
You hit the adder. You bite the adder, but do no damage.
The adder is heavily wounded.
The adder closely misses you.
You hit the adder but do no damage.
The adder is heavily wounded.
The adder bites you.
You are poisoned.
The adder poisons you!
You hit the adder but do no damage. Your bite misses the adder.
The adder is heavily wounded.
You feel sick.
You closely miss the adder. Your bite misses the adder.
The adder is heavily wounded.
You feel sick. The adder bites you.
You are lethally poisoned!
The adder poisons you!
You are too injured to fight recklessly!
You are too injured to fight recklessly!
You are too injured to fight recklessly!
You are too injured to fight recklessly!
You are too injured to fight recklessly!
You are too injured to fight recklessly!
It was a potion of heal wounds.
That seemed strangely inert.
You feel very sick. The adder closely misses you.
You hit the adder but do no damage. Your bite misses the adder.
The adder is heavily wounded.
* * * LOW HITPOINT WARNING * * *
You feel sick. The adder bites you.
* * * LOW HITPOINT WARNING * * *
You hit the adder.
The adder is almost dead.
* * * LOW HITPOINT WARNING * * *
You feel sick. The adder bites you.
* * * LOW HITPOINT WARNING * * *
You barely miss the adder. Your bite misses the adder.
The adder is almost dead.
You die...

#####.##.## #.##.# .
##.#..# ..##
######.....# ...#
##.......##.# ##...
..##.......##
#....##....##.....##
#....S..####.......#
#....g@............#
.......######.......#
##....# ##.....##
#.... ##.....## #...
#.......# ##..
#.......# ##
#.......# ##.....##
##..>##


You could see an adder and a goblin.

Vanquished Creatures
  2 dart slugs (D:1)
  A ball python (D:2)
  3 endoplasms
  A giant cockroach (D:1)
  A goblin (D:1)
  5 hobgoblins
  2 jackals (D:1)
  A frilled lizard (D:1)
  3 kobolds
19 creatures vanquished.

Notes
Turn   | Place    | Note
-------+----------+-------------------------------------------
     0 | D:1      | Leeroy the Vine Stalker Warper began the quest for the Orb.
     0 | D:1      | Reached XP level 1. HP: 11/11 MP: 4/4
   281 | D:1      | Reached XP level 2. HP: 8/15 MP: 1/6
   498 | D:1      | Found a faded altar of an unknown god.
   775 | D:2      | Reached XP level 3. HP: 18/18 MP: 5/7
   873 | D:2      | Succumbed to an adder's poison

Illustrated notes

Levels and vault maps discovered:
D:1:      lightli_arrival_boilingwater, layout_loops_ring,
          shapermc_ecumenical_altar_mp_highgroup
D:2:      layout_rooms, uniq_terence

Skill      XL: |  1  2 |
---------------+-------+-----
Long Blades    | 2 3 |  3.1
Fighting       | |  1.7
Throwing       | |  0.8
Armour         | |  0.7
Dodging        | |  1.5
Spellcasting   | |  2.1
Translocations | |  3.0

Action                     || total
---------------------------++-------
  Melee: Falchion          ||    44
         Bite              ||    11
         Punch             ||     1
         Short sword       ||    23
    Use: Potion            ||     1
 Armour: Leather armour    ||    10
  Dodge: Dodged            ||    34

Table legend: (Time is in decaauts)
 A = Elapsed time spent in this place.
 B = Non-inter-level travel time spent in this place.
 C = Inter-level travel time spent in this place.
 D = Time resting spent in this place.
 E = Time spent auto-exploring this place.
 F = Levels seen in this place.
 G = Mean time per level.
                   A        B        C        D        E       F      G
               +--------+--------+--------+--------+--------+-----+--------+
         Total |    872 |    858 |     14 |      0 |    712 |   2 |  436.0 |
       Dungeon |    872 |    858 |     14 |      0 |    712 |   2 |  436.0 |
               +--------+--------+--------+--------+--------+-----+--------+

Top non-repeatable levels by time:
     D:1: 739 daAuts
     D:2: 133 daAuts
